 Dungeon Crawl Stone Soup version 0.28.0-53-g5a82cb258f (webtiles) character file.

Game seed: 7868921848072458454

1 112233 the Conjurer (level 1, -2/7 HPs)
             Began as a Felid Conjurer on Aug 25, 2022.
             Frozen to death by an endoplasm (4 damage)
             ... on level 1 of the Dungeon.
             The game lasted 00:00:06 (98 turns).

112233 the Conjurer (Felid Conjurer)                  Turns: 98, Time: 00:00:07

Health: -2/7       AC:  1    Str:  3    XL:     1   Next: 16%
Magic:  4/4        EV: 17    Int: 19    God:
Gold:   9          SH:  0    Dex: 14    Spells: 3/4 levels left
                                        Lives:  0   Deaths: 0

rFire   . . .      SeeInvis +   (weapon unavailable)
rCold   . . .      Faith    .   (shield unavailable)
rNeg    . . .      Spirit   .   (armour unavailable)
rPois   .          Reflect  .   (helmet unavailable)
rElec   .          Harm     .   (cloak unavailable)
rCorr   .          Rampage  .   (gloves unavailable)
Will    .....                   (boots unavailable)
Stlth   ++........              (no amulet)
HPRegen 0.02/turn               (no ring)
MPRegen 0.09/turn               (no ring)

@: quick
A: very small, claws 1, fangs 3, see invisible, speed 1, shaggy fur 1, stealthy
paws, no weapons or thrown items, no armour, multi-lived
a: no special abilities


You were on level 1 of the Dungeon.
You visited 1 branch of the dungeon, and saw 1 of its levels.

You collected 9 gold pieces.

Inventory:

Scrolls
 a - 2 scrolls of enchant armour {unknown}


   Skills:
 + Level 2.6 Dodging
 + Level 2.6 Stealth
 + Level 2.0 Spellcasting
 + Level 3.6 Conjurations


You had 3 spell levels left.
You knew the following spells:

 Your Spells              Type           Power      Damage    Failure   Level
a - Magic Dart            Conj           60%        1d6       3%          1

Your spell library contained the following spells:

 Spells                   Type           Power      Damage    Failure   Level
 Searing Ray              Conj           30%        2d5       5%          2
 Dazzling Flash           Conj/Hex       16%        N/A       24%         3
 Fulminant Prism          Conj/Hex       4%         3d6       61%         4
 Iskenderun's Mystic Bla  Conj/Tloc      8%         2d4       61%         4


Dungeon Overview and Level Annotations

Branches:
Dungeon (1/15)

Altars:


Innate Abilities, Weirdness & Mutations

You have sharp claws.
You have razor-sharp teeth.
You have supernaturally acute eyesight. (SInv)
You cover ground quickly. (Speed+)
You are covered in fur. (AC +1)
Your paws help you pounce on unaware monsters.
You are incapable of wielding weapons or throwing items.
You cannot wear armour.
You gain extra lives every three experience levels.


Message History

A ball python comes into view.
Found 6 gold pieces.
A ball python is nearby!
A ball python is nearby!
A ball python is nearby!
Found a scroll labelled ITWYZE BUPP.
A kobold comes into view. It is wielding a +1 dagger of flaming.
You see here 6 gold pieces.
The helpless ball python fails to defend itself.
You scratch the ball python.
You kill the ball python!
The helpless kobold fails to defend itself.
You scratch the kobold.
You kill the kobold!
You now have 6 gold pieces.
Things that are here:
a +1 dagger of flaming; a kobold corpse
a - 2 scrolls labelled ITWYZE BUPP (gained 1)
You now have 9 gold pieces (gained 3).
An endoplasm comes into view.
An endoplasm is nearby!
Found a stone staircase leading down.
You pounce on the unaware helpless endoplasm!
You scratch the endoplasm.
The endoplasm is heavily wounded.
The endoplasm freezes you.
You are frozen.
Ouch! That really hurt!
You are too injured to fight recklessly!
You scratch the endoplasm but do no damage.
The endoplasm is heavily wounded.
The endoplasm hits you.
* * * LOW HITPOINT WARNING * * *
Unknown command.
You scratch the endoplasm. You bite the endoplasm.
The endoplasm is almost dead.
The endoplasm freezes you.
You are frozen.
Ouch! That really hurt!
You die...

#.# #.#......#
#.# #.#......#
#.# #.#.###..#
#.# #.#......#
#.# #.#...#.###.
#.# #.#...#.....
#.# #...........
#.# ###.........#
#.# #.@#.#......
#.# #J...#.##.#.
#.# .......>. ..
##.########...#..
#.........#.###
######....#..
#.#### ## #.# #.#


You could see an endoplasm.

Vanquished Creatures
  A ball python (D:1)
  A kobold (D:1)
2 creatures vanquished.

Notes
Turn   | Place    | Note
-------+----------+-------------------------------------------
     0 | D:1      | 112233 the Felid Conjurer began the quest for the Orb.
     0 | D:1      | Reached XP level 1. HP: 7/7 MP: 4/4
    98 | D:1      | Frozen to death by an endoplasm

Illustrated notes

Levels and vault maps discovered:
D:1:      ebering_trefoil_twist, layout_basic, minmay_tiny_reverse_x

Action                   || total
-------------------------++-------
Melee: Unarmed           ||     5
       Bite              ||     1
 Stab: Sleeping          ||     3
